 Dungeon Crawl Stone Soup version 0.25.0-9-g26727b6 (webtiles) character file.

Game seed: 3411784162807489417

717852 silenth the Messiah (level 27, -7/273 HPs)
             Began as a Hill Orc Monk on June 16, 2020.
             Was the Champion of Beogh.
             Killed from afar by a storm dragon (39 damage)
             ... with a bolt of lightning
             ... on level 5 of the Realm of Zot on June 17, 2020.
             The game lasted 02:49:53 (83408 turns).

silenth the Messiah (Hill Orc Monk)                Turns: 83408, Time: 02:49:53

Health: -7/273     AC: 39    Str: 35      XL:     27
Magic:  35/40      EV: 16    Int: 13      God:    Beogh [******]
Gold:   18565      SH: 28    Dex:  8 (9)  Spells: 26/26 levels left

rFire    + + .     SeeInvis .   a - +9 broad axe (freeze)
rCold    + . .     Gourm    .   d - +2 tower shield {rF+}
rNeg     + + .     Faith    +   N - +8 chain mail of Vanity {+Blink rF+ MR+ Int+3}
rPois    +         Spirit   .   m - +3 helmet of a Gauntlet {-Cast rN+ MR++ Regen+}
rElec    .         Reflect  .   Y - +0 cloak {rCorr}
rCorr    +         Harm     .   z - +2 pair of gloves {Str+3}
MR       +++++     NoCast   +   Z - +2 pair of boots {run}
Stlth    ..........             T - amulet of faith
HPRegen  0.95/turn              L - ring of Nuanav {rPois rN+ Str+5 Dex-4}
MPRegen  0.27/turn              R - +4 ring of slaying

@: hasted, very quick
A: walk on water, cold resistance 1, deterioration 1, mutation resistance 1,
sense surroundings 1, subdued magic 1
}: 5/15 runes: decaying, slimy, silver, abyssal, gossamer
a: Smiting, Recall Orcish Followers, Give Item to Named Follower, Resurrection,
Renounce Religion, Evoke Blink


You were on level 5 of the Realm of Zot.
You worshipped Beogh.
Beogh was exalted by your worship.
You were not hungry.

You visited 18 branches of the dungeon, and saw 64 of its levels.
You visited the Abyss 3 times.
You visited 1 ziggurat, and saw 8 of its levels.
You also visited: Gauntlet, Ice Cave and Wizlab.

You collected 21014 gold pieces.
You spent 2449 gold pieces at shops.

Inventory:

Hand Weapons
 a - a +9 broad axe of freezing (weapon)
 b - a +8 eveningstar of draining
 n - the +13 lance "Wyrmbane" {slay drac, rPois rF+ rC+ AC+3}
   (You took it off a deep elf mage on level 3 of the Elven Halls)

   It affects your AC (+3).
   It protects you from fire.
   It protects you from cold.
   It protects you from poison.
Missiles
 A - 31 silver javelins
 P - 5 curare-tipped darts (quivered)
 W - 7 throwing nets
Armour
 d - a +2 tower shield of fire resistance (worn)
 m - the +3 helmet of a Gauntlet (worn) {-Cast rN+ MR++ Regen+}
   (You found it on level 2 of the Vaults)

   It protects you from negative energy.
   It affects your resistance to hostile enchantments.
   It prevents spellcasting.
   It increases your rate of regeneration.
 z - a +2 pair of gloves of strength (worn)
 N - the +8 chain mail of Vanity (worn) {+Blink rF+ MR+ Int+3}
   (You found it on level 2 of the Vaults)

   It affects your intelligence (+3).
   It protects you from fire.
   It affects your resistance to hostile enchantments.
   It lets you blink.
 Y - a +0 cloak of preservation (worn)
 Z - a +2 pair of boots of running (worn)
Jewellery
 L - the ring of Nuanav (left hand) {rPois rN+ Str+5 Dex-4}
   (You found it on level 12 of the Dungeon)

   [ring of positive energy]

   It affects your strength (+5).
   It affects your dexterity (-4).
   It protects you from poison.
   It protects you from negative energy.
 M - an uncursed ring of protection from cold
 R - a +4 ring of slaying (right hand)
 T - an amulet of faith (around neck)
Wands
 h - a wand of iceblast (51)
 x - a wand of flame (53)
 G - a wand of digging (6)
 I - a wand of acid (27)
 O - a wand of polymorph (64)
 Q - a wand of paralysis (31)
Scrolls
 g - 14 scrolls of fog
 i - 11 scrolls of identify
 j - a scroll of magic mapping
 k - 10 scrolls of blinking
 l - 5 scrolls of summoning
 r - 25 scrolls of remove curse
 s - 3 scrolls of fear
 v - 3 scrolls of silence
 w - a scroll of holy word
 C - 17 scrolls of teleportation
 J - a scroll of immolation
Potions
 c - 5 potions of berserk rage
 f - 19 potions of mutation
 p - a potion of cancellation
 q - 12 potions of curing
 u - 3 potions of flight
 B - a potion of resistance
 D - 3 potions of haste
 F - 4 potions of might
 K - 2 potions of invisibility
 S - a potion of magic
Miscellaneous
 t - a lightning rod (4/4)
 y - 3 boxes of beasts
 H - 4 phantom mirrors
 U - a phial of floods
 V - a tin of tremorstones (3/3)
Comestibles
 e - 46 rations


   Skills:
 O Level 27 Fighting
 - Level 18.0 Axes
 - Level 0.9(10.4) Polearms
 - Level 1.0 Throwing
 + Level 22.2 Armour
 + Level 17.9 Dodging
 - Level 5.0 Stealth
 + Level 22.3 Shields
 O Level 27 Invocations
 - Level 10.0 Evocations


You had 26 spell levels left.
You didn't know any spells.
Your spell library contained the following spells:

 Spells                   Type           Power        Failure   Level  Hunger
 Animate Skeleton         Necr           N/A          63%         1    ##.....
 Apportation              Tloc           #.....       63%         1    ##.....
 Beastly Appendage        Tmut           #.....       63%         1    ##.....
 Corona                   Hex            #......      63%         1    ##.....
 Foxfire                  Conj/Fire      #...         63%         1    ##.....
 Freeze                   Ice            #...         63%         1    ##.....
 Magic Dart               Conj           #...         63%         1    ##.....
 Pain                     Necr           #...         63%         1    ##.....
 Sandblast                Erth           #.....       63%         1    ##.....
 Shock                    Conj/Air       #...         63%         1    ##.....
 Sting                    Tmut/Pois      #...         63%         1    ##.....
 Summon Butterflies       Summ           #.......     63%         1    ##.....
 Summon Small Mammal      Summ           #...         63%         1    ##.....
 Blink                    Tloc           N/A          77%         2    ###....
 Corpse Rot               Necr/Air       N/A          77%         2    ###....
 Passwall                 Tmut/Erth      #.......     77%         2    ###....
 Poisonous Vapours        Pois/Air       #.....       77%         2    ###....
 Searing Ray              Conj           #.....       77%         2    ###....
 Shroud of Golubria       Chrm/Tloc      #.....       77%         2    ###....
 Slow                     Hex            #.......     77%         2    ###....
 Sticks to Snakes         Tmut           #.......     77%         2    ###....
 Sublimation of Blood     Necr           #.........   77%         2    ###....
 Swiftness                Chrm/Air       #.......     77%         2    ###....
 Call Canine Familiar     Summ           #.......     94%         3    ####...
 Confusing Touch          Hex            #.......     94%         3    ####...
 Conjure Flame            Conj/Fire      #.......     94%         3    ####...
 Dazzling Flash           Conj/Hex       #.....       94%         3    ####...
 Frozen Ramparts          Ice            #.....       94%         3    ####...
 Gell's Gravitas          Tloc           #.........   94%         3    ####...
 Ignite Poison            Fire/Tmut/Pois #.......     94%         3    ####...
 Inner Flame              Hex/Fire       #.......     94%         3    ####...
 Lesser Beckoning         Tloc           #.........   94%         3    ####...
 Mephitic Cloud           Conj/Pois/Air  #.......     94%         3    ####...
 Ozocubu's Armour         Chrm/Ice       #.......     94%         3    ####...
 Portal Projectile        Hex/Tloc       #.....       94%         3    ####...
 Recall                   Summ/Tloc      N/A          94%         3    ####...
 Spectral Weapon          Hex/Chrm       #.......     94%         3    ####...
 Spider Form              Tmut/Pois      #.........   94%         3    ####...
 Static Discharge         Conj/Air       #.......     94%         3    ####...
 Stone Arrow              Conj/Erth      #.....       94%         3    ####...
 Summon Guardian Golem    Hex/Summ       #.......     94%         3    ####...
 Teleport Other           Tloc           #.......     94%         3    ####...
 Tukima's Dance           Hex            #.......     94%         3    ####...
 Vampiric Draining        Necr           #.........   94%         3    ####...
 Airstrike                Air            #.........   100%        4    #####..
 Animate Dead             Necr           N/A          100%        4    #####..
 Cause Fear               Hex            #.........   100%        4    #####..
 Fulminant Prism          Conj/Hex       #.........   100%        4    #####..
 Hailstorm                Conj/Ice       #.......     100%        4    #####..
 Ice Form                 Ice/Tmut       #.......     100%        4    #####..
 Iskenderun's Mystic Bla  Conj/Tloc      #.......     100%        4    #####..
 Leda's Liquefaction      Hex/Erth       #.........   100%        4    #####..
 Olgreb's Toxic Radiance  Pois           #.......     100%        4    #####..
 Passage of Golubria      Tloc           N/A          100%        4    #####..
 Petrify                  Tmut/Erth      #.......     100%        4    #####..
 Sticky Flame             Conj/Fire      #.......     100%        4    #####..
 Summon Ice Beast         Ice/Summ       #.......     100%        4    #####..
 Summon Lightning Spire   Summ/Air       #.......     100%        4    #####..
 Agony                    Necr           #.......     100%        5    ######.
 Alistair's Intoxication  Tmut/Pois      #.......     100%        5    ######.
 Blade Hands              Tmut           #.........   100%        5    ######.
 Bolt of Magma            Conj/Fire/Erth #.........   100%        5    ######.
 Borgnjor's Vile Clutch   Necr/Erth      #.........   100%        5    ######.
 Excruciating Wounds      Chrm/Necr      #.........   100%        5    ######.
 Fireball                 Conj/Fire      #.........   100%        5    ######.
 Irradiate                Conj/Tmut      #.........   100%        5    ######.
 Iskenderun's Battlesphe  Conj/Chrm      #.......     100%        5    ######.
 Lee's Rapid Deconstruct  Erth           #.........   100%        5    ######.
 Lightning Bolt           Conj/Air       #.........   100%        5    ######.
 Metabolic Englaciation   Hex/Ice        #.........   100%        5    ######.
 Silence                  Hex/Air        #.........   100%        5    ######.
 Summon Mana Viper        Hex/Summ       #.......     100%        5    ######.
 Yara's Violent Unravell  Hex/Tmut       #.........   100%        5    ######.
 Conjure Ball Lightning   Conj/Air       #.........   100%        6    #######
 Darkness                 Hex            #.........   100%        6    #######
 Death Channel            Necr           #.........   100%        6    #######
 Dispersal                Tloc           #.........   100%        6    #######
 Eringya's Noxious Bog    Tmut/Pois      #.........   100%        6    #######
 Freezing Cloud           Conj/Ice/Air   #.........   100%        6    #######
 Hydra Form               Tmut           #.........   100%        6    #######
 Invisibility             Hex            #.......     100%        6    #######
 Iron Shot                Conj/Erth      #.........   100%        6    #######
 Simulacrum               Ice/Necr       #.........   100%        6    #######
 Starburst                Conj/Fire      #.........   100%        6    #######
 Statue Form              Tmut/Erth      #........    100%        6    #######
 Dragon Form              Tmut           #.........   100%        7    #######
 Malign Gateway           Summ/Tloc      #.........   100%        7    #######
 Monstrous Menagerie      Summ           #.........   100%        7    #######
 Orb of Destruction       Conj           #.........   100%        7    #######
 Ring of Flames           Chrm/Fire      #.........   100%        7    #######
 Spellforged Servitor     Conj/Summ      #.........   100%        7    #######
 Summon Greater Demon     Summ           #.........   100%        7    #######
 Summon Hydra             Summ           #.........   100%        7    #######
 Chain Lightning          Conj/Air       #.........   100%        8    #######
 Controlled Blink         Tloc           N/A          100%        8    #######
 Discord                  Hex            #.........   100%        8    #######
 Disjunction              Tloc           #.........   100%        8    #######
 Ignition                 Fire           #.........   100%        8    #######
 Lehudib's Crystal Spear  Conj/Erth      #.........   100%        8    #######
 Summon Horrible Things   Summ           #.........   100%        8    #######
 Absolute Zero            Ice            #.........   100%        9    #######
 Dragon's Call            Summ           #.........   100%        9    #######
 Fire Storm               Conj/Fire      #.........   100%        9    #######
 Shatter                  Erth           #.........   100%        9    #######
 Tornado                  Air            #.........   100%        9    #######


Dungeon Overview and Level Annotations

Branches:
Dungeon (15/15)            Temple (1/1) D:5            Lair (6/6) D:10
  Swamp (4/4) Lair:2       Spider (4/4) Lair:3        Slime (5/5) Lair:6
    Orc (2/2) D:12            Elf (3/3) Orc:2        Vaults (5/5) D:13
  Crypt (3/3) Vaults:2       Tomb (1/3) Crypt:3      Depths (5/5) D:15
   Hell (visited)             Dis (1/7) Hell            Geh (1/7) Hell
    Coc (1/7) Hell            Tar (1/7) Hell            Zot (5/5) Depths:5
  IceCv (visited)          WizLab (visited)         Gauntlet (visited)

Altars:
Dithmenos
Gozag
Qazlal
Ru
Sif Muna
Trog
Vehumet
Wu Jian
Xom
Zin
The Shining One
Beogh
Jiyva

Shops:
D:8 :   D:10 (   D:13 [   Orc:1 ?   Orc:2 [:(*   Elf:1 =%   Elf:2 ?   Elf:3 }
Depths:2 [**   Depths:5 =}=

Portals:
Hell: Depths:1 Depths:2 Depths:3 Depths:4 Depths:5
Abyss: Depths:4 Depths:5
Pandemonium: Depths:2 Depths:3

Annotations:
Zot:2 2 transporters, exclusion: orange crystal statue
Zot:4 2 transporters, Dawneret's ghost, master GnFi


Innate Abilities, Weirdness & Mutations

You can walk on water.
Your flesh is cold resistant. (rC+)
Your body sometimes deteriorates upon taking damage.
You are somewhat resistant to further mutation.
You passively map a small area around you.
Your spells are a little easier to cast, but a little less powerful.


Message History

The white draconian convulses!
Your body is wracked with pain!
* * * LOW HITPOINT WARNING * * *
You feel yourself speed up.
The red draconian breathes flames at you.
The searing blast hits you. You resist.
* * * LOW HITPOINT WARNING * * *
You block the white draconian's attack.
You hear a roar!
You feel better.
You are engulfed in blazing flames.
You resist.
* * * LOW HITPOINT WARNING * * *
You feel better.
You are engulfed in blazing flames.
You resist.
* * * LOW HITPOINT WARNING * * *
The white draconian breathes frost at you.
The chilling blast hits you but does no damage.
You hear a sizzling sound!
The white draconian hits you but does no damage.
You feel better.
The storm dragon breathes lightning at you.
The bolt of lightning hits you!!!
You die...

***,,,,,,,,,,............○o......
,*,,,,,,,,,,,#...##.....§§§§.....
,,,,,,,,,,,,*###**#....§q§§§....#
,,,,⌠,,,,.,,* ##§.§§q§§§§..##
,,,,,,,,,..,* #§.§§d§§§§.###
,,,,,,⌠,,...#########).z○§§§§##*#
,,,,,,,,,........<..d....§§§##*#.
,,,,,,,,,.......†...D.....§##**q.
*,,,,,,,,.......@.........##**,dd
**,,,,,,,.........dX.....##**,,⌠.
***,,,,,,...............##**,,,..
****,,,,,...............#**,,,,..
,*******,........y.......#,,,,,..
,,** **,..................,,,,,*
,,,** *,,..................,,,,**
,,,,***,,.......^.........,,,,**
,,,,,**,,,................,,,**


You could see a tentacled monstrosity, a storm dragon (catching breath), a red
draconian, a white draconian (catching breath), a curse toe and a moth of wrath.

Vanquished Creatures
  the Royal Jelly (Slime:5)
  Mennas (Depths:4)
  An ancient lich (Vaults:4)
  A juggernaut (Depths:5)
  Sojobo (Vaults:3)
  Bai Suzhen (Spider:4)
  A shard shrike (Zig:2)
  3 caustic shrikes (Depths:5)
  Geryon (Hell)
  2 curse toes
  10 golden dragons
  3 bone dragons
  A mutant beast (WizLab)
  An electric golem (Zot:5)
  A hellephant (Abyss:3)
  2 iron giants (Zig:8)
  Jorgrun (Elf:2)
  Rupert (D:12)
  Asterion (Elf:3)
  2 titans (Vaults:5)
  3 deep elf blademasters (Elf:3)
  18 tentacled monstrosities
  8 liches
  14 acid blobs
  2 deep elf master archers (Elf:3)
  A sphinx (shapeshifter) (Vaults:5)
  2 quicksilver dragons
  5 death cobs
  7 sphinxes
  Gastronok (Lair:1)
  4 ancient champions
  2 tentacled starspawn
  An Executioner (Abyss:5)
  2 thorn hunters (Swamp:4)
  12 shadow dragons
  Donald (Swamp:4)
  13 azure jellies
  12 storm dragons
  2 revenants
  4 draconian monks
  6 draconian knights
  9 tengu reavers
  5 iron dragons
  The ghost of Foxy the Peltast, an adept GrFi of the Shining One (Swamp:2)
  3 draconian scorchers
  10 frost giants
  5 fire giants
  6 deep elf sorcerers
  A balrug (Depths:2)
  4 ghost moths
  3 deep elf elementalists
  An emperor scorpion (D:15)
  13 vault wardens
  7 reapers
  Aizul (Swamp:4)
  3 draconian shifters
  2 cacodemons (Abyss:5)
  2 draconian stormcallers (Zot:2)
  4 draconian annihilators
  2 curse skulls
  9 ironheart preservers
  31 very ugly things
  8 ghouls
  7 war gargoyles
  6 deep elf demonologists
  3 entropy weavers
  8 green draconians
  8 vampire knights
  25 stone giants
  8 black draconians
  A lorocyproca (Hell)
  7 red draconians
  10 white draconians
  3 deep elf annihilators
  6 yellow draconians
  2 minotaurs
  The ghost of Kokhlaf the Eclecticist, a journeyman DECj of Kikubaaqudgha (D:13)
  6 purple draconians
  A dire elephant (D:15)
  Azrael (D:15)
  13 ettins
  4 spark wasps
  A merfolk javelineer (Zig:7)
  A mummy priest (Crypt:3)
  A quicksilver dragon zombie (Crypt:2)
  6 eidola
  2 green deaths
  11 deep elf death magi
  2 blizzard demons (Hell)
  9 deep elf high priests
  7 death oozes
  9 fire dragons
  Josephine (D:12)
  8 jiangshi
  9 great orbs of eyes
  2 merfolk impalers (Zig:7)
  10 yaktaur captains
  12 vault guards
  7 rakshasas
  10 ice dragons
  A hell beast (Depths:3)
  4 spriggan air magi
  8 ghost crabs
  2 death knights
  A shambling mangrove (Swamp:2)
  6 centaur warriors
  A catoblepas (Depths:1)
  An alligator (shapeshifter) (Vaults:5)
  30 hydras
  31 dancing weapons
  Erica (D:8)
  The ghost of PsychadelicChungus the Severer, a novice MiFE of Okawaru (Lair:1)
  8 alligators
  12 ogre magi
  6 death yaks
  13 deep troll earth magi
  Urug (D:12)
  10 deep troll shamans
  3 titan zombies
  2 hell hogs
  9 tengu warriors
  27 two-headed ogres
  6 vampire magi
  2 spriggan berserkers
  3 storm dragon zombies
  3 soul eaters
  11 thrashing horrors
  2 sun demons (Hell)
  4 wretched stars
  27 deep elf knights
  An iron golem (WizLab)
  2 iron trolls (Depths:3)
  2 spatial maelstroms (Abyss:5)
  A death drake (shapeshifter) (Depths:4)
  A sea snake (Zig:7)
  A sixfirhy (Abyss:5)
  16 hell knights
  24 skeletal warriors
  A titan skeleton (Crypt:1)
  2 shadow wraiths
  6 spriggan druids
  2 storm dragon skeletons (Crypt:2)
  32 deep trolls
  2 anaconda zombies
  An unseen horror (shapeshifter) (WizLab)
  10 glowing orange brains
  8 swamp dragons
  3 flayed ghosts
  A shadow demon (Depths:2)
  An anaconda skeleton (Crypt:2)
  A golden dragon zombie (Depths:3)
  A swamp dragon (shapeshifter) (Depths:4)
  2 harpies (Vaults:1)
  2 unseen horrors
  15 deep elf archers
  2 orb spiders (shapeshifter)
  2 wolf spider zombies
  7 orb spiders
  14 ironbrand convokers
  8 orc knights
  16 phantasmal warriors
  10 necromancers
  31 large abominations
  2 frost giant zombies (Crypt:3)
  4 wizards (Vaults:2)
  A salamander (D:15)
  74 deep elf magi
  3 fauns (Zig:7)
  A shining eye (shapeshifter) (Depths:4)
  2 stone giant zombies
  2 orc sorcerers
  An iron dragon zombie (Crypt:3)
  15 moths of wrath
  63 slime creatures
  2 worldbinders
  32 ugly things
  19 wolf spiders
  4 shining eyes
  2 cyclopes
  7 elephants
  2 salamanders (shapeshifter)
  10 manticores
  2 spriggan zombies (Zig:8)
  3 water nymphs
  3 black mambas
  An ice statue (IceCv)
  A torpor snail (shapeshifter) (WizLab)
  A shock serpent zombie (Crypt:3)
  9 vault sentinels
  2 eyes of devastation
  6 smoke demons
  An emperor scorpion zombie (Crypt:3)
  5 apocalypse crabs
  2 guardian serpents (Depths:2)
  A guardian serpent (shapeshifter) (WizLab)
  7 rust devils
  9 spiny frogs
  A spiny frog (shapeshifter) (D:12)
  3 tormentors
  A hellion (Zig:8)
  5 spectral swamp worms
  A kobold demonologist (Abyss:4)
  A torpor snail (Zig:5)
  2 efreet
  6 demonic crawlers
  7 komodo dragons
  36 yaktaurs
  A catoblepas zombie (Crypt:3)
  6 redback zombies (Spider:3)
  4 rime drakes
  A yaktaur (shapeshifter) (WizLab)
  A guardian mummy (Crypt:3)
  3 komodo dragons (shapeshifter)
  15 freezing wraiths
  2 ice devils
  2 ancient zymes (Abyss:3)
  A white draconian skeleton (Crypt:1)
  A silent spectre (Abyss:5)
  4 tengu conjurers
  A minotaur skeleton (Crypt:2)
  4 red devils
  8 hornets
  A death yak skeleton (Crypt:1)
  12 jumping spiders
  2 jumping spiders (shapeshifter) (WizLab)
  3 hydra zombies
  A meliai (D:8)
  A meliai (shapeshifter) (WizLab)
  A polar bear (shapeshifter) (WizLab)
  19 polar bears
  9 tyrant leeches
  A queen bee (shapeshifter) (WizLab)
  5 merfolk
  8 trolls
  A wind drake (Lair:6)
  7 bog bodies
  A hornet (shapeshifter) (WizLab)
  5 raiju
  A troll (shapeshifter) (WizLab)
  2 fire dragon zombies
  7 blink frogs
  2 ettin zombies (Crypt:3)
  A harpy skeleton (Crypt:1)
  A raiju (shapeshifter) (Depths:4)
  A dream sheep (shapeshifter) (Depths:4)
  2 hydra skeletons
  An alligator zombie (Hell)
  A hippogriff (shapeshifter) (WizLab)
  2 ice dragon zombies
  8 hippogriffs
  A stone giant simulacrum (Crypt:1)
  7 tarantella zombies (Spider:3)
  3 spriggans (shapeshifter)
  2 shadows
  3 ynoxinuls (Abyss:5)
  A tarantella (shapeshifter) (Vaults:1)
  A redback (shapeshifter) (Vaults:5)
  5 flying skulls
  16 tarantellas
  An alligator skeleton (Hell)
  2 vampires (Vaults:2)
  47 redbacks
  A yak (shapeshifter) (WizLab)
  4 air elementals (Elf:1)
  8 spriggans
  15 wraiths
  7 wyverns
  An ushabti (Crypt:3)
  A dire elephant simulacrum (Crypt:1)
  2 fire bats (Depths:2)
  2 golden eyes (shapeshifter) (WizLab)
  2 hogs (Swamp:4)
  34 yaks
  7 fire elementals
  A neqoxec (Abyss:3)
  12 water elementals
  A chaos spawn (Zig:3)
  2 hungry ghosts
  A human (D:8)
  A redback simulacrum (D:15)
  2 humans (shapeshifter)
  A steam dragon (D:11)
  7 golden eyes
  16 vampire mosquitoes
  A basilisk (shapeshifter) (WizLab)
  A spatial vortex (Abyss:5)
  5 wargs
  A swamp worm (shapeshifter) (Vaults:3)
  4 insubstantial wisps (Swamp:3)
  A gelid demonspawn zombie (Crypt:2)
  16 swamp worms
  An acid dragon (shapeshifter) (WizLab)
  2 acid dragons
  8 water moccasins
  2 water moccasins (shapeshifter)
  A merfolk skeleton (Crypt:2)
  8 floating eyes
  12 hell hounds
  5 porcupines
  A floating eye (shapeshifter) (Depths:4)
  A snapping turtle zombie (Crypt:2)
  12 swamp drakes
  An ice beast (D:8)
  15 ogres
  14 orc warriors
  4 sky beasts
  A manticore zombie (Crypt:3)
  An alligator simulacrum (Hell)
  4 eyes of draining
  6 necrophages
  An ettin simulacrum (Crypt:2)
  A black bear (D:8)
  6 starcursed masses
  2 phantoms
  7 boggarts
  21 wolves
  12 centaurs
  12 crocodiles
  2 elf zombies (Elf:1)
  A big kobold (shapeshifter) (WizLab)
  Blork the orc (D:6)
  A big kobold (Abyss:4)
  An elf skeleton (Crypt:1)
  11 bullfrogs
  A gnoll sergeant (D:8)
  22 small abominations
  4 earth elementals
  6 scorpions
  11 wyvern skeletons (Crypt:3)
  12 killer bees
  A yak zombie (Crypt:1)
  2 howler monkeys (D:12)
  A vampire bat (Lair:2)
  7 centaur zombies
  3 electric eels (D:10)
  6 crimson imps
  3 bullfrog zombies
  3 quasits
  11 hounds
  3 bullfrog skeletons
  2 human zombies
  7 centaur skeletons
  6 jellies
  9 orc priests
  8 orc wizards
  3 iron imps (Zig:8)
  4 iguanas
  10 worker ants
  A naga zombie (Crypt:2)
  A bullfrog simulacrum (D:13)
  A crocodile skeleton (Crypt:2)
  3 hound zombies
  A howler monkey zombie (D:11)
  A hound skeleton (D:5)
  A mummy (Crypt:3)
  13 gnolls
  An adder (shapeshifter) (Depths:3)
  8 adders
  3 river rats (D:6)
  2 shadow imps
  An ufetubus (Abyss:3)
  4 adder skeletons
  A worm (shapeshifter) (Vaults:5)
  6 worms
  3 dart slugs
  3 leopard geckos
  22 orcs
  5 giant cockroaches
  10 goblins
  8 hobgoblins
  8 jackals
  13 kobolds
  5 quokkas
  16 bats
  6 frilled lizards
  An orc skeleton (Crypt:2)
  An orc zombie (Crypt:3)
  A quokka skeleton (D:4)
  11 rats
  A rat zombie (Crypt:1)
  3 briar patches (Swamp:4)
  2 crawling corpses (Elf:3)
  7 fungi
  2 macabre masses (Abyss:5)
  4 plants
  2 starspawn tentacles
2251 creatures vanquished.

Vanquished Creatures (collateral kills)
  An orb of fire (Zot:2)
  Frederick (Vaults:3)
  Saint Roka (Depths:1)
  3 golden dragons (Vaults:5)
  Nikola (Spider:4)
  2 liches
  4 tentacled monstrosities
  7 titans
  2 quicksilver dragons
  A deep elf blademaster (Elf:3)
  An acid blob (Slime:5)
  2 death cobs (Zot:4)
  A tengu reaver (Vaults:5)
  An ancient champion (Vaults:3)
  A tentacled starspawn (Abyss:5)
  5 shadow dragons
  4 storm dragons
  3 sphinxes
  3 fire giants
  5 vault wardens
  2 deep elf sorcerers
  A draconian knight (Vaults:3)
  2 iron dragons
  A cacodemon (Abyss:5)
  3 frost giants
  A draconian scorcher (Zot:2)
  4 emperor scorpions
  2 curse skulls (Crypt:1)
  2 ghouls (Crypt:2)
  3 draconian stormcallers (Zot:2)
  7 ironheart preservers
  2 balrugs (Hell)
  2 draconian shifters
  A vampire knight (Crypt:2)
  2 draconian annihilators
  4 very ugly things
  2 war gargoyles (Vaults:5)
  A green draconian (Zot:4)
  3 stone giants
  3 spark wasps
  2 red draconians (Zot:2)
  2 deep elf demonologists
  2 black draconians (Zot:2)
  2 purple draconians (Zot:2)
  A yellow draconian (Zot:1)
  3 white draconians
  2 blizzard demons (Hell)
  2 jiangshi
  4 ettins
  3 deep elf death magi
  A fire dragon (Depths:2)
  A death ooze (Slime:5)
  4 yaktaur captains
  Harold (Orc:1)
  3 ice dragons
  5 rakshasas
  A catoblepas (Lair:6)
  14 vault guards
  A death knight (Crypt:2)
  A merfolk avatar (Lair:6)
  14 two-headed ogres
  6 ogre magi
  An alligator (Swamp:3)
  A centaur warrior (Vaults:3)
  2 dancing weapons (Elf:1)
  A titan zombie (Crypt:2)
  4 deep troll shamans
  5 deep troll earth magi
  3 death yaks (Lair:6)
  A thrashing horror (Abyss:5)
  A titan skeleton (Crypt:2)
  A soul eater (Crypt:2)
  4 hell knights (Hell)
  A sun demon (Depths:3)
  3 iron trolls (Depths:3)
  5 deep elf knights
  9 skeletal warriors
  A shadow wraith (Vaults:5)
  A sea snake (Zig:7)
  An unseen horror (shapeshifter) (Vaults:3)
  8 deep trolls
  3 flayed ghosts
  2 wizards (Vaults:3)
  An anaconda zombie (Hell)
  7 ironbrand convokers
  3 deep elf archers
  3 harpies
  4 wolf spider zombies (Spider:3)
  9 deep elf magi
  5 orc knights
  2 necromancers (Crypt:2)
  13 ugly things
  An orc sorcerer (Orc:2)
  A shadow dragon skeleton (Crypt:2)
  2 phantasmal warriors
  5 cyclopes
  15 wolf spiders
  4 orb spiders
  6 elephants
  A moth of wrath (Zot:4)
  A manticore (D:14)
  A shock serpent zombie (Crypt:2)
  A black mamba (Lair:5)
  2 smoke demons
  A molten gargoyle (Depths:3)
  A torpor snail (Spider:3)
  5 vault sentinels
  7 spiny frogs
  6 demonic crawlers
  A rime drake (Lair:6)
  A kobold demonologist (Depths:2)
  An efreet (Abyss:5)
  2 redback zombies (Spider:3)
  4 komodo dragons
  3 freezing wraiths
  9 yaktaurs
  A hellwing (Abyss:5)
  2 merfolk (Zig:7)
  6 trolls
  20 jumping spiders
  A red devil (Geh:1)
  3 polar bears (Lair:6)
  A hornet (shapeshifter) (D:12)
  3 hornets (Spider:4)
  A raiju (shapeshifter) (Depths:1)
  A tyrant leech (Swamp:3)
  9 slime creatures
  4 hippogriffs
  6 tarantella zombies (Spider:3)
  5 blink frogs
  32 redbacks
  A flying skull (Abyss:5)
  3 spriggans (Lair:4)
  4 wyverns
  A shadow (Crypt:1)
  4 wraiths
  8 tarantellas
  12 yaks
  A vampire (Vaults:2)
  4 large abominations (Abyss:5)
  2 chaos spawn (Abyss:5)
  A fire elemental (D:15)
  8 vampire mosquitoes
  4 basilisks
  5 wargs
  A merfolk zombie (Crypt:1)
  7 water moccasins
  2 acid dragons (Vaults:1)
  2 hell hounds
  A porcupine (Lair:3)
  A floating eye (shapeshifter) (Vaults:4)
  15 orc warriors
  A sky beast (D:5)
  A black bear (shapeshifter) (Vaults:1)
  A necrophage (Crypt:2)
  An eye of draining (D:9)
  2 phantoms
  5 wolves
  3 boggarts (Vaults:1)
  14 ogres
  3 centaurs
  A swamp dragon skeleton (Crypt:2)
  5 crocodiles
  A crocodile (shapeshifter) (Vaults:5)
  4 bullfrogs
  3 wyvern skeletons
  A scorpion (D:11)
  A killer bee (D:8)
  An electric eel (D:10)
  2 howler monkeys
  5 crimson imps
  2 small abominations (Abyss:5)
  6 starcursed masses (Abyss:5)
  9 orc wizards
  A quasit (D:9)
  3 centaur skeletons
  8 orc priests
  2 jellies
  An iron imp (Hell)
  A bullfrog skeleton (D:11)
  A worker ant (Lair:3)
  A worker ant zombie (D:11)
  A river rat (D:6)
  2 adders
  3 worms (Lair:3)
  17 orcs
  2 giant cockroaches
  A quokka (D:6)
  2 bats (Lair:2)
  A jackal zombie (D:5)
  A crawling corpse (Elf:3)
  A fungus (Lair:6)
  7 plants
  6 starspawn tentacles (Abyss:5)
674 creatures vanquished.

Vanquished Creatures (others)
  4 orc warlords
  Kirke (Swamp:4)
  A tengu reaver (Depths:4)
  A ghost moth (Zot:2)
  3 orc high priests
  A reaper (Hell)
  An ice dragon (D:15)
  An alligator (Swamp:4)
  24 orc knights
  A deep elf knight (Elf:2)
  5 orc sorcerers
  A spriggan druid (Swamp:3)
  34 orc warriors
  A small abomination (Abyss:5)
  A polar bear (IceCv)
  A hornet (Swamp:2)
  A hippogriff (D:11)
  A redback (Spider:4)
  3 humans (Swamp:4)
  A fire elemental (Elf:1)
  A warg (Depths:1)
  A hell hound (D:15)
  33 orc priests
  28 orc wizards
  5 wolves (IceCv)
  A boggart (Depths:1)
  A spriggan zombie (Crypt:1)
  A worm (D:3)
  65 orcs
  A giant cockroach (D:3)
  A hobgoblin (D:3)
  2 frilled lizards (D:3)
  A kobold (D:3)
  A rat (D:3)
  10 demonic plants (Gauntlet)
  A fungus (Lair:5)
  11 plants
  5 starspawn tentacles
256 creatures vanquished.

Grand Total: 3181 creatures vanquished

Notes
Turn   | Place    | Note
-------+----------+-------------------------------------------
     0 | D:1      | silenth the Hill Orc Monk began the quest for the Orb.
     0 | D:1      | Reached XP level 1. HP: 19/19 MP: 1/1
   211 | D:1      | Reached XP level 2. HP: 27/27 MP: 2/2
   475 | D:1      | Reached skill level 4 in Fighting
   596 | D:1      | Reached skill level 5 in Axes
   621 | D:1      | Reached XP level 3. HP: 33/33 MP: 3/3
  1891 | D:2      | Reached skill level 6 in Axes
  1891 | D:2      | Reached XP level 4. HP: 18/41 MP: 4/4
  3346 | D:2      | Reached XP level 5. HP: 7/47 MP: 5/5
  3708 | D:3      | Reached skill level 5 in Fighting
  3843 | D:3      | Became a worshipper of Beogh the Brigand
  3843 | D:3      | Reached * piety under Beogh
  3843 | D:3      | Reached ** piety under Beogh
  3855 | D:3      | Reached skill level 7 in Axes
  4030 | D:3      | Noticed a sky beast
  4046 | D:3      | Killed a sky beast
  4046 | D:3      | Reached skill level 1 in Invocations
  4046 | D:3      | Reached XP level 6. HP: 48/56 MP: 2/7
  4444 | D:3      | Reached skill level 2 in Invocations
  4555 | D:4      | Reached skill level 1 in Armour
  4555 | D:4      | Reached skill level 1 in Shields
  4558 | D:4      | Reached XP level 7. HP: 14/61 MP: 8/8
  4961 | D:4      | Reached skill level 8 in Axes
  5295 | D:4      | Found a shadowy altar of Dithmenos.
  5307 | D:4      | Reached skill level 3 in Invocations
  5316 | D:4      | HP: 6/62 [gnoll/+0 halberd (15)]
  5785 | D:4      | Reached skill level 6 in Fighting
  6015 | D:4      | Reached *** piety under Beogh
  6256 | D:5      | Entered Level 5 of the Dungeon
  6266 | D:5      | Found a staircase to the Ecumenical Temple.
  6270 | D:5      | Reached skill level 2 in Armour
  6270 | D:5      | Reached skill level 2 in Shields
  6276 | Temple   | Entered the Ecumenical Temple
  6338 | D:5      | HP: 4/63 [centaur (3)]
  6345 | D:5      | Reached XP level 8. HP: 33/70 MP: 10/10
  6541 | D:5      | Reached skill level 9 in Axes
  6571 | D:5      | Reached skill level 4 in Invocations
  7052 | D:5      | Reached skill level 3 in Shields
  7122 | D:5      | Found a shimmering altar of Xom.
  7386 | D:6      | Noticed a two-headed ogre
  7390 | D:6      | Killed a two-headed ogre
  7390 | D:6      | Reached skill level 7 in Fighting
  7390 | D:6      | Reached skill level 10 in Axes
  7390 | D:6      | Reached skill level 3 in Armour
  7390 | D:6      | Reached skill level 5 in Invocations
  7390 | D:6      | Reached XP level 9. HP: 79/79 MP: 5/12
  7474 | D:6      | Reached skill level 4 in Shields
  7475 | D:6      | Found a glowing golden altar of the Shining One.
  7653 | D:6      | Reached skill level 4 in Armour
  7793 | D:6      | Noticed Blork the orc
  7802 | D:6      | Killed Blork the orc
  8699 | D:7      | Reached skill level 11 in Axes
  8825 | D:7      | Reached skill level 6 in Invocations
  9241 | D:8      | Found Eggirept's Book Shop.
  9296 | D:8      | Noticed a meliai
  9298 | D:8      | Noticed a komodo dragon
  9300 | D:8      | Noticed a green ugly thing
  9324 | D:8      | Reached skill level 5 in Shields
  9340 | D:8      | Reached skill level 5 in Armour
  9589 | D:8      | Noticed a mana viper
  9671 | D:8      | Reached skill level 8 in Fighting
  9872 | D:8      | Reached XP level 10. HP: 81/88 MP: 13/15
  9937 | D:8      | Reached skill level 12 in Axes
  9937 | D:8      | Reached skill level 7 in Invocations
 10127 | D:8      | Noticed Erica
 10143 | D:8      | Killed Erica
 10970 | D:9      | Reached skill level 8 in Invocations
 10983 | D:9      | Reached **** piety under Beogh
 11096 | D:9      | Reached skill level 9 in Fighting
 11096 | D:9      | Reached skill level 13 in Axes
 11822 | D:9      | Found a shimmering blue altar of Sif Muna.
 11908 | D:10     | Entered Level 10 of the Dungeon
 11948 | D:10     | Found a staircase to the Lair.
 11948 | D:10     | Noticed a five-headed hydra
 12007 | D:10     | Killed a five-headed hydra
 12013 | D:10     | Reached skill level 9 in Invocations
 12024 | D:10     | Reached skill level 14 in Axes
 12024 | D:10     | Reached XP level 11. HP: 57/99 MP: 6/17
 12909 | D:10     | Found Wair's Antique Weapon Shoppe.
 12936 | D:10     | Reached skill level 10 in Fighting
 13556 | D:11     | Found an ornate altar of the Wu Jian Council.
 13560 | D:11     | Found a sacrificial altar of Ru.
 13560 | D:11     | Found a shimmering blue altar of Sif Muna.
 13560 | D:11     | Found a glowing silver altar of Zin.
 13571 | D:11     | Noticed a green ugly thing
 13573 | D:11     | Noticed a cyan ugly thing
 13574 | D:11     | Noticed a white ugly thing
 13576 | D:11     | Noticed a green ugly thing
 13578 | D:11     | Noticed a cyclops
 13592 | D:11     | Noticed a two-headed ogre
 13593 | D:11     | Noticed a cyan ugly thing
 13659 | D:11     | Noticed a green ugly thing
 13673 | D:11     | Killed a green ugly thing
 13788 | D:11     | Paralysed by a hornet for 3 turns
 13794 | D:11     | Gained Syrus as an ally
 13811 | D:11     | Gained Arbolt as an ally
 13846 | D:11     | Found a gate leading to a gauntlet.
 13855 | Gauntlet | Entered a Gauntlet
 13855 | Gauntlet | Found a transporter.
 14074 | Gauntlet | Found a transporter.
 14089 | Gauntlet | Found a transporter.
 14092 | Gauntlet | Noticed a cyan ugly thing
 14092 | Gauntlet | Noticed a green ugly thing
 14094 | Gauntlet | Found a transporter.
 14109 | Gauntlet | Found a transporter.
 14126 | Gauntlet | Noticed a glowing orange brain
 14128 | Gauntlet | Found a transporter.
 14136 | Gauntlet | Noticed a hell hog
 14137 | Gauntlet | Found a transporter.
 14151 | Gauntlet | Noticed a purple ugly thing
 14151 | Gauntlet | Noticed a great orb of eyes
 14152 | Gauntlet | Found a transporter.
 14164 | Gauntlet | Found a transporter.
 14165 | Gauntlet | Noticed a cacodemon
 14173 | Gauntlet | Noticed a hell hog
 14176 | Gauntlet | Found a transporter.
 14193 | Gauntlet | Found a transporter.
 14211 | Gauntlet | Found a transporter.
 14213 | Gauntlet | Found a transporter.
 14238 | Gauntlet | Found a transporter.
 14240 | Gauntlet | Found a transporter.
 14260 | Gauntlet | Found a transporter.
 14338 | Gauntlet | Found a transporter.
 14358 | Gauntlet | Found a transporter.
 14483 | Gauntlet | Reached skill level 15 in Axes
 14483 | Gauntlet | Reached skill level 10 in Invocations
 14714 | Gauntlet | Identified the Collected Works on Lethal Bewitchment
 14739 | Gauntlet | Killed a glowing orange brain
 14746 | Gauntlet | Killed a green ugly thing
 14755 | Gauntlet | Killed a green ugly thing
 14766 | Gauntlet | Got a glittering diamond amulet
 14774 | Gauntlet | Identified the amulet of Hecem {Regen+ Stlth+} (You found
                  | it in a Gauntlet)
 15024 | Gauntlet | Noticed a minotaur
 15028 | Gauntlet | Killed a minotaur
 15028 | Gauntlet | Reached skill level 11 in Fighting
 15242 | D:11     | Reached skill level 16 in Axes
 15242 | D:11     | Reached XP level 12. HP: 87/110 MP: 20/20
 15259 | D:11     | Reached skill level 11 in Invocations
 15275 | D:11     | Your ally Arbolt died
 15297 | D:11     | Your ally Syrus died
 15331 | D:11     | Reached skill level 12 in Fighting
 15506 | D:10     | Killed a two-headed ogre
 15506 | D:10     | Reached skill level 12 in Invocations
 15703 | D:11     | Got a fine crystal amulet
 15710 | D:11     | Got an ancient ring mail
 15725 | D:11     | Identified the cursed +0 ring mail of Okawaru's Pride {rC+
                  | rCorr Int+2 Dex-3} (You found it on level 11 of the
                  | Dungeon)
 15738 | D:11     | Identified the amulet "Eched" {Inacc rC- rN+++ MP-9 Str+2}
                  | (You found it on level 11 of the Dungeon)
 15915 | D:11     | Noticed a six-headed hydra
 15921 | D:11     | Killed a six-headed hydra
 16216 | Lair:1   | Entered Level 1 of the Lair of Beasts
 16306 | Lair:1   | Found a transporter.
 16309 | Lair:1   | Found a transporter.
 16321 | Lair:1   | Identified the +8 trident of the Ten Ghosts {speed, rN+}
 16321 | Lair:1   | Noticed a spriggan rider
 16322 | Lair:1   | Noticed PsychadelicChungus's ghost (novice MiFE)
 16372 | Lair:1   | Identified the cursed +1 trident of Calculation {antimagic,
                  | MR- Dex+4}
 16372 | Lair:1   | Noticed a spriggan rider
 16380 | Lair:1   | Found a bloodstained altar of Trog.
 16389 | Lair:1   | Noticed Gastronok
 16406 | Lair:1   | Killed Gastronok
 16406 | Lair:1   | Reached skill level 13 in Fighting
 16406 | Lair:1   | Reached skill level 13 in Invocations
 16528 | Lair:1   | Noticed a six-headed hydra
 16534 | Lair:1   | Killed a nine-headed hydra
 16639 | Lair:1   | Gained Hilgar as an ally
 17277 | Lair:2   | Reached XP level 13. HP: 120/123 MP: 23/23
 17421 | Lair:2   | Reached skill level 14 in Invocations
 17455 | Lair:2   | Found a staircase to the Swamp.
 17583 | Lair:2   | Reached skill level 14 in Fighting
 17708 | Lair:2   | You fall into a shaft and drop 2 floors!
 17765 | Lair:4   | Reached skill level 15 in Invocations
 17966 | Lair:3   | Reached ***** piety under Beogh
 18023 | Lair:3   | Found a frozen archway.
 18038 | IceCv    | Entered an ice cave
 18363 | IceCv    | Reached skill level 15 in Fighting
 18850 | IceCv    | Noticed a frost giant
 18869 | IceCv    | Reached skill level 16 in Invocations
 18872 | IceCv    | Killed a frost giant
 19086 | IceCv    | Got a wavering jade ring
 19262 | Lair:3   | Reached XP level 14. HP: 136/136 MP: 26/26
 19363 | Lair:3   | Identified the ring "Domism" {*Tele Str+4} (You found it in
                  | an ice cave)
 19529 | Lair:3   | Found a hole to the Spider Nest.
 20020 | Lair:4   | Reached skill level 2 in Stealth
 20092 | Lair:4   | Reached skill level 1 in Evocations
 20374 | Lair:4   | Reached skill level 1 in Throwing
 20740 | Lair:5   | Reached skill level 3 in Dodging
 20794 | Lair:5   | Gained Bogbrand as an ally
 20829 | Lair:5   | Reached skill level 2 in Evocations
 20830 | Lair:5   | Reached skill level 16 in Fighting
 21346 | Lair:6   | Entered Level 6 of the Lair of Beasts
 21357 | Lair:6   | Reached skill level 3 in Stealth
 21418 | Lair:6   | Reached skill level 6 in Armour
 21422 | Lair:6   | Reached skill level 6 in Shields
 21631 | Lair:6   | Reached skill level 4 in Dodging
 21891 | Lair:6   | Found a staircase to the Slime Pits.
 21994 | Lair:6   | Found a viscous altar of Jiyva.
 22023 | Lair:6   | Reached skill level 17 in Invocations
 22739 | D:12     | Noticed Urug
 22750 | D:12     | Gained Ugrim as an ally
 22753 | D:12     | Killed Urug
 22753 | D:12     | Reached skill level 7 in Armour
 22753 | D:12     | Reached skill level 7 in Shields
 22877 | D:12     | Reached ****** piety under Beogh
 23230 | D:12     | Reached XP level 15. HP: 143/145 MP: 27/27
 23402 | D:12     | Noticed a tengu reaver
 23402 | D:12     | Noticed a storm dragon
 23407 | D:12     | Killed a storm dragon
 23420 | D:12     | Killed a tengu reaver
 23714 | D:12     | Got a fine glass ring
 23722 | D:12     | Identified the ring of Nuanav {rPois rN+ Str+5 Dex-4} (You
                  | found it on level 12 of the Dungeon)
 23793 | D:12     | Found a staircase to the Orcish Mines.
 23818 | D:12     | Noticed Rupert
 23827 | D:12     | Killed Rupert
 23827 | D:12     | Reached skill level 5 in Dodging
 23934 | D:12     | Noticed Josephine
 23948 | D:12     | Killed Josephine
 24591 | Orc:1    | Entered Level 1 of the Orcish Mines
 24832 | Orc:1    | Found a roughly hewn altar of Beogh.
 24931 | Orc:2    | Entered Level 2 of the Orcish Mines
 24931 | Orc:2    | Found a staircase to the Elven Halls.
 24978 | Orc:2    | Reached skill level 8 in Armour
 24989 | Orc:2    | Gained Milork as an ally
 25124 | Orc:2    | Reached skill level 8 in Shields
 25231 | Orc:2    | Found a roughly hewn altar of Beogh.
 25777 | Orc:2    | Found Eplumiff's Antique Weapon Shoppe.
 26019 | Orc:2    | Found Fezad's General Store.
 26164 | Orc:2    | Gained Alork as an ally
 26374 | Orc:2    | Found Rikk's Book Boutique.
 26374 | Orc:2    | Found Lomigil's Antique Armour Shoppe.
 26447 | Orc:1    | Noticed Harold
 26464 | Orc:1    | Killed Harold
 26663 | Orc:1    | Found Ekhuj's Magic Scroll Emporium.
 26792 | Orc:1    | Bought a scroll of acquirement for 676 gold pieces
 26878 | Orc:2    | Bought a pair of embroidered boots for 210 gold pieces
 26878 | Orc:2    | Bought a pitted scale mail for 252 gold pieces
 26878 | Orc:2    | Bought a sapphire-studded scale mail for 252 gold pieces
 26888 | Orc:2    | Identified the +5 scale mail of Pathos {SInv} (You bought
                  | it in a shop on level 2 of the Orcish Mines)
 26898 | Orc:2    | Identified the +4 scale mail of Indemnity {Dex+3} (You
                  | bought it in a shop on level 2 of the Orcish Mines)
 26962 | Orc:2    | Bought a scroll of brand weapon for 240 gold pieces
 27038 | Orc:1    | Bought a scroll of fog for 26 gold pieces
 27038 | Orc:1    | Bought a scroll of identify for 26 gold pieces
 27038 | Orc:1    | Bought a scroll of teleportation for 39 gold pieces
 27038 | Orc:1    | Bought a scroll of teleportation for 39 gold pieces
 27038 | Orc:1    | Bought a scroll of teleportation for 39 gold pieces
 27117 | D:13     | Found a runed translucent gate.
 27183 | D:13     | Gained Bogrim as an ally
 27249 | D:13     | Found Wiqo's Armour Shop.
 27356 | D:13     | Reached skill level 17 in Fighting
 27383 | D:13     | Found a gate to the Vaults.
 27691 | D:13     | Found a runed translucent gate.
 27691 | D:13     | Found a runed translucent gate.
 27714 | D:13     | Noticed Kokhlaf's ghost (journeyman DECj)
 27931 | D:14     | Found a radiant altar of Vehumet.
 28023 | D:14     | Reached skill level 6 in Dodging
 28029 | D:14     | Gained Borgoth as an ally
 28135 | D:14     | You fall into a shaft and drop 1 floor!
 28135 | D:15     | Entered Level 15 of the Dungeon
 28163 | D:15     | Got an ichor-stained trident
 28169 | D:15     | Identified the cursed +0 trident "Ifori" {antimagic, rC+
                  | rN+ Stlth+} (You found it on level 15 of the Dungeon)
 28250 | D:15     | Noticed an emperor scorpion
 28267 | D:15     | Killed an emperor scorpion
 28267 | D:15     | Reached skill level 9 in Armour
 28267 | D:15     | Reached skill level 9 in Shields
 28584 | D:8      | Reached skill level 18 in Invocations
 28629 | D:8      | Got a twitching golden ring
 28631 | D:8      | Identified the ring "Fuliv" {+Fly rPois rN+} (You found it
                  | on level 8 of the Dungeon)
 28870 | D:14     | Reached XP level 16. HP: 154/155 MP: 29/29
 29383 | D:15     | Found a staircase to the Depths.
 29401 | D:15     | Gained Ogrik as an ally
 29834 | D:15     | Noticed Azrael
 29845 | D:15     | Your ally Borgoth died
 29847 | D:15     | Killed Azrael
 30429 | D:15     | Gained Korbok as an ally
 31108 | Swamp:1  | Entered Level 1 of the Swamp
 31316 | Swamp:1  | Reached skill level 7 in Dodging
 31347 | Swamp:1  | HP: 10/156 [swamp worm (15)]
 31688 | Swamp:1  | Reached skill level 10 in Armour
 31688 | Swamp:1  | Reached skill level 10 in Shields
 32283 | Swamp:2  | Reached skill level 3 in Evocations
 32771 | Swamp:2  | Found a runed translucent gate.
 32771 | Swamp:2  | Found a runed translucent gate.
 32771 | Swamp:2  | Found a runed translucent gate.
 32771 | Swamp:2  | Noticed Foxy's ghost (adept GrFi)
 33486 | Swamp:2  | HP: 14/157 [ten-headed hydra[a spriggan druid] (2)]
 33496 | Swamp:2  | HP: 12/157 [tyrant leech[a spriggan druid] (18)]
 33499 | Swamp:2  | Reached skill level 4 in Evocations
 34335 | Swamp:3  | Gained Morbeogh as an ally
 34335 | Swamp:3  | Gained Gorm as an ally
 34335 | Swamp:3  | Gained Hilgar as an ally
 34391 | Swamp:3  | Your ally Morbeogh died
 34455 | Swamp:3  | Gained Bogdar as an ally
 34458 | Swamp:3  | Your ally Hilgar died
 34472 | Swamp:3  | Reached skill level 18 in Fighting
 35000 | Swamp:3  | Reached XP level 17. HP: 161/163 MP: 30/30
 35098 | Swamp:3  | Found a runed translucent door.
 35669 | Swamp:3  | Your ally Gorm died
 36003 | Swamp:3  | Identified the Catalogue of the Rocks
 36006 | Swamp:3  | Identified the Tome of the Valley of Death
 36122 | Swamp:4  | Entered Level 4 of the Swamp
 36129 | Swamp:4  | Noticed Kirke
 36148 | Swamp:4  | Noticed a sphinx
 36154 | Swamp:4  | Paralysed by a sphinx for 6 turns
 36154 | Swamp:4  | Killed Kirke
 36363 | Swamp:4  | Reached skill level 8 in Dodging
 36366 | Swamp:4  | Reached skill level 11 in Armour
 36366 | Swamp:4  | Reached skill level 11 in Shields
 36366 | Swamp:4  | Reached skill level 5 in Evocations
 36369 | Swamp:4  | Your ally Bogdar died
 36636 | Swamp:4  | Noticed Donald
 36662 | Swamp:4  | Killed Donald
 37071 | Swamp:4  | Noticed Aizul
 37090 | Swamp:4  | Killed Aizul
 38423 | Swamp:4  | Got a decaying rune of Zot
 38668 | Spider:1 | Entered Level 1 of the Spider Nest
 38740 | Spider:1 | Reached skill level 19 in Invocations
 39283 | Spider:1 | Gained Boldo as an ally
 40130 | Spider:1 | Got a buzzing whip
 40131 | Spider:1 | Identified the +8 whip "Qixkot" {elec, MR+++ Stlth-} (You
                  | found it on level 1 of the Spider Nest)
 40565 | Spider:2 | Reached XP level 18. HP: 158/173 MP: 31/31
 40986 | Spider:3 | Reached skill level 12 in Shields
 40988 | Spider:3 | Reached skill level 9 in Dodging
 41097 | Spider:3 | Reached skill level 12 in Armour
 42371 | Spider:4 | Entered Level 4 of the Spider Nest
 42382 | Spider:4 | Noticed Bai Suzhen
 42397 | Spider:4 | Killed Bai Suzhen
 42397 | Spider:4 | Reached skill level 19 in Fighting
 42712 | Spider:4 | Reached skill level 4 in Stealth
 42901 | Spider:4 | Noticed Nikola
 42911 | Spider:4 | Killed Nikola
 42948 | Spider:4 | Identified the Compendium of Unstable Evil Magic
 42955 | Spider:4 | Got a transparent quarterstaff
 42956 | Spider:4 | Identified the +8 quarterstaff "Qogroa" {pain, Int+4 Dex+4}
                  | (You found it on level 4 of the Spider Nest)
 43180 | Spider:4 | Your ally Ugrim died
 43188 | Spider:4 | Your ally Boldo died
 43189 | Spider:4 | Your ally Korbok died
 43555 | Spider:4 | Got a gossamer rune of Zot
 43946 | Vaults:1 | Entered Level 1 of the Vaults
 44403 | Vaults:1 | Noticed an Ice Fiend
 44412 | Vaults:1 | Cast into level 3 of the Abyss (a deep elf sorcerer)
 44576 | Abyss:3  | Found a corrupted altar of Lugonu.
 44598 | Abyss:3  | Reached skill level 5 in Stealth
 44710 | Abyss:3  | Reached XP level 19. HP: 64/183 MP: 32/32
 44841 | Abyss:3  | Reached skill level 20 in Invocations
 44913 | Vaults:1 | Escaped the Abyss
 44920 | Vaults:1 | Gained Oruk as an ally
 44959 | Vaults:1 | Reached skill level 13 in Shields
 45309 | Vaults:1 | Reached skill level 13 in Armour
 45322 | Vaults:1 | Reached skill level 10 in Dodging
 46198 | Vaults:1 | Gained Blodwig as an ally
 47068 | Swamp:2  | Cast into level 3 of the Abyss (Foxy's ghost)
 47141 | Abyss:3  | Noticed a hellephant
 47155 | Abyss:3  | Killed a hellephant
 47350 | Abyss:4  | Noticed a bone dragon
 47358 | Abyss:4  | Killed a bone dragon
 47367 | Swamp:2  | Escaped the Abyss
 47368 | Swamp:2  | HP: 12/184 [Foxy's ghost (15)]
 47468 | Swamp:2  | Killed Foxy's ghost
 48008 | Lair:1   | Killed PsychadelicChungus's ghost
 48008 | Lair:1   | Reached skill level 17 in Axes
 48280 | Vaults:2 | Got a scorched helmet
 48311 | Vaults:2 | Got a fine chain mail
 48322 | Vaults:2 | Identified the +8 chain mail of Vanity {+Blink rF+ MR+
                  | Int+3} (You found it on level 2 of the Vaults)
 48353 | Vaults:2 | Identified the +3 helmet of a Gauntlet {-Cast rN+ MR++
                  | Regen+} (You found it on level 2 of the Vaults)
 48904 | Vaults:2 | You fall into a shaft and drop 1 floor!
 49023 | Vaults:3 | Reached skill level 18 in Axes
 49028 | Vaults:3 | Noticed a Brimstone Fiend
 49034 | Vaults:3 | Noticed an Ice Fiend
 49035 | Vaults:3 | Reached XP level 20. HP: 142/193 MP: 27/34
 49359 | Vaults:3 | Gained Herok as an ally
 49439 | Vaults:3 | Gained Bogbrand as an ally
 49533 | Vaults:3 | Gained Oruk as an ally
 49585 | Vaults:3 | Reached skill level 20 in Fighting
 49933 | Vaults:3 | Noticed Frederick
 49934 | Vaults:3 | Noticed Sojobo
 49939 | Vaults:3 | Killed Frederick
 49946 | Vaults:3 | Killed Sojobo
 49946 | Vaults:3 | Reached skill level 14 in Shields
 49948 | Vaults:3 | Your ally Herok died
 49954 | Vaults:3 | Reached skill level 14 in Armour
 50531 | Vaults:2 | Identified the cursed +1 robe "Niuref" {Harm rPois Str+3
                  | Int+4}
 50533 | Vaults:2 | Found a staircase to the Crypt.
 50987 | Vaults:3 | Reached skill level 21 in Invocations
 51073 | Vaults:4 | Reached skill level 11 in Dodging
 51594 | Vaults:4 | Reached XP level 21. HP: 116/202 MP: 8/35
 51779 | Vaults:4 | Gained Arbeogh as an ally
 52637 | Vaults:5 | Entered Level 5 of the Vaults
 52649 | Vaults:4 | Gained Orkrul as an ally
 52664 | Vaults:5 | Noticed an ancient lich
 53016 | Vaults:4 | Killed an ancient lich
 53103 | Vaults:4 | Reached skill level 15 in Armour
 53103 | Vaults:4 | Reached skill level 15 in Shields
 53496 | Vaults:5 | Reached skill level 21 in Fighting
 53593 | Vaults:5 | Reached skill level 12 in Dodging
 53609 | Vaults:5 | Your ally Arbeogh died
 53610 | Vaults:5 | Your ally Orkrul died
 53616 | Vaults:5 | Reached XP level 22. HP: 53/213 MP: 24/36
 53631 | Vaults:5 | Got a dazzling war axe
 53632 | Vaults:5 | Identified the +5 war axe "Hadiabad" {flame, rF++ MR+} (You
                  | found it on level 5 of the Vaults)
 53845 | Vaults:5 | Reached skill level 22 in Invocations
 53873 | Vaults:5 | Noticed a golden dragon
 53881 | Vaults:5 | Killed a golden dragon
 53883 | Vaults:5 | Noticed a golden dragon
 53894 | Vaults:5 | Killed a golden dragon
 53906 | Vaults:5 | Your ally Oruk died
 54220 | Vaults:5 | Noticed a golden dragon
 54226 | Vaults:5 | Your ally Bogbrand died
 54227 | Vaults:5 | Killed a golden dragon
 54236 | Vaults:5 | Reached skill level 16 in Armour
 54236 | Vaults:5 | Reached skill level 16 in Shields
 54487 | Vaults:5 | Identified a +0 pair of boots of running (You found it on
                  | level 5 of the Vaults)
 54527 | Vaults:5 | Got a silver rune of Zot
 54545 | Vaults:5 | Noticed a golden dragon
 54553 | Vaults:5 | Killed a golden dragon
 54916 | Vaults:5 | Identified the Incunabulum of Illusion
 56051 | Slime:1  | Entered Level 1 of the Pits of Slime
 56089 | Slime:1  | Gained mutation: You are clumsy. (Dex -2) [a shining eye]
 56127 | Slime:2  | Gained Borgun as an ally
 56613 | Slime:5  | Entered Level 5 of the Pits of Slime
 56634 | Slime:5  | Reached XP level 23. HP: 141/222 MP: 31/38
 56658 | Slime:5  | Noticed the Royal Jelly
 56674 | Slime:5  | Your ally Borgun died
 56674 | Slime:5  | HP: 18/222 [azure jelly[the Royal Jelly] (6)]
 56674 | Slime:5  | HP: 3/222 [acid[the Royal Jelly] (7)]
 56689 | Slime:5  | Killed the Royal Jelly
 57963 | Slime:5  | Reached skill level 13 in Dodging
 58011 | Slime:5  | Got a slimy rune of Zot
 58067 | Slime:5  | Identified the Guide on Heat and Curses
 58089 | Slime:5  | Got an encrusted broad axe
 58092 | Slime:5  | Identified the +4 broad axe of Popular Demand {vorpal,
                  | rPois SInv} (You found it on level 5 of the Pits of Slime)
 58529 | D:13     | Killed Kokhlaf's ghost
 58594 | Elf:1    | Entered Level 1 of the Elven Halls
 58622 | Elf:1    | Reached skill level 22 in Fighting
 58696 | Elf:1    | Found Nuykagib's Food Boutique.
 58696 | Elf:1    | Found Gauguvao's Jewellery Shop.
 58708 | Elf:1    | Found a magical portal.
 58721 | WizLab   | Entered Cigotuvi's Fleshworks
 58741 | WizLab   | Your ally deformed died
 58749 | WizLab   | Your ally hideous died
 58781 | WizLab   | Reached skill level 23 in Invocations
 58807 | WizLab   | Your ally sickly died
 59253 | WizLab   | Paralysed by a floating eye for 2 turns
 59262 | WizLab   | Paralysed by a floating eye for 4 turns
 59270 | WizLab   | Paralysed by a floating eye for 3 turns
 59283 | WizLab   | Paralysed by a floating eye for 2 turns
 59433 | WizLab   | Got a slimy platinum ring
 59438 | WizLab   | Identified the ring "Cumirch" {Str+4 Dex-2 SInv Stlth-}
                  | (You found it in a wizard's laboratory)
 59467 | WizLab   | Reached skill level 6 in Evocations
 59479 | WizLab   | Identified Cigotuvi's Handbook of Changing and Evil
 59488 | WizLab   | Identified the Papyrus of Moulding
 59649 | Elf:1    | Lost mutation: You are clumsy. (Dex -2) [potion of
                  | mutation]
 59649 | Elf:1    | Gained mutation: Armour fits poorly on your strangely
                  | shaped body. [potion of mutation]
 59649 | Elf:1    | Gained mutation: Your flesh is heat resistant. (rF+)
                  | [potion of mutation]
 59649 | Elf:1    | Gained mutation: You passively map a small area around you.
                  | [potion of mutation]
 59650 | Elf:1    | Lost mutation: Armour fits poorly on your strangely shaped
                  | body. [potion of mutation]
 59650 | Elf:1    | Lost mutation: You passively map a small area around you.
                  | [potion of mutation]
 59650 | Elf:1    | Gained mutation: You expend magic power (3 MP) to
                  | strengthen your wands. [potion of mutation]
 59650 | Elf:1    | Gained mutation: You are surrounded by a mild repulsion
                  | field. (EV +2) [potion of mutation]
 59780 | Elf:1    | Gained Bogric as an ally
 60142 | Elf:1    | Identified the Papyrus of Dark Magic
 60190 | Elf:1    | Reached skill level 17 in Shields
 60190 | Elf:1    | Your ally Bogric died
 60620 | Elf:2    | Reached skill level 17 in Armour
 60626 | Elf:3    | Entered Level 3 of the Elven Halls
 60815 | Elf:2    | Found a runed translucent gate.
 60815 | Elf:2    | Found a runed translucent gate.
 60815 | Elf:2    | Found a runed translucent gate.
 60958 | Elf:2    | Found Nilyl's Magic Scroll Boutique.
 60968 | Elf:2    | Bought a scroll of blinking for 150 gold pieces
 60968 | Elf:2    | Bought a scroll of blinking for 150 gold pieces
 60968 | Elf:2    | Bought a scroll of teleportation for 60 gold pieces
 60968 | Elf:2    | Bought a scroll of teleportation for 60 gold pieces
 60968 | Elf:2    | Bought a scroll of fog for 40 gold pieces
 60968 | Elf:2    | Bought a scroll of summoning for 190 gold pieces
 61090 | Elf:2    | Reached skill level 7 in Evocations
 61107 | Elf:2    | Reached XP level 24. HP: 233/233 MP: 38/38
 61322 | Elf:2    | Noticed Jorgrun
 61334 | Elf:2    | Killed Jorgrun
 61838 | Elf:3    | Found Juq Bees's Gadget Shoppe.
 61936 | Elf:3    | Noticed Asterion
 61943 | Elf:3    | Killed Asterion
 62855 | Elf:3    | Reached skill level 8 in Evocations
 62868 | Elf:3    | Identified the ring "Siothil" {*Tele rN+ Int+4 Dex+3
                  | Slay+2}
 62901 | Elf:3    | Identified the +1 plate armour of the Harp {+Inv Str-2
                  | Int+9 Slay+5}
 62901 | Elf:3    | Identified the ring of Gienal {rPois Int+4}
 62917 | Elf:3    | Identified the ring "Volub" {*Tele *Drain MR+ Int+6 SInv}
 63033 | Elf:3    | Identified the +4 quarterstaff of Valuable Assets {flame,
                  | Str+2 Stlth+}
 63043 | Elf:3    | Found the +3 sling "Punk" {acid, rCorr}
 63077 | Elf:3    | Identified the Handbook of Conjuration and Hexes
 63668 | Crypt:1  | Entered Level 1 of the Crypt
 64993 | Crypt:2  | Gained Borgun as an ally
 64993 | Crypt:2  | Gained Milork as an ally
 65044 | Crypt:2  | Your ally Milork died
 65065 | Crypt:2  | Gained Korbok as an ally
 65107 | Crypt:2  | Your ally Borgun died
 65109 | Crypt:2  | Reached skill level 14 in Dodging
 65120 | Crypt:2  | Your ally Korbok died
 65124 | Crypt:2  | Gained Boruk as an ally
 65499 | Crypt:2  | Reached skill level 9 in Evocations
 65699 | Crypt:2  | Reached XP level 25. HP: 217/240 MP: 38/38
 65894 | Crypt:2  | Reached skill level 24 in Invocations
 66212 | Crypt:2  | Reached skill level 23 in Fighting
 66368 | Crypt:2  | Your ally Korbok died
 66370 | Crypt:2  | Your ally Boruk died
 66761 | Crypt:3  | Entered Level 3 of the Crypt
 66790 | Crypt:3  | Reached skill level 18 in Shields
 66950 | Crypt:3  | Reached skill level 18 in Armour
 67451 | Crypt:3  | Found a staircase to the Tomb.
 67511 | Tomb:1   | Entered Level 1 of the Tomb of the Ancients
 68116 | Elf:2    | Gained mutation: You are occasionally teleported next to
                  | monsters. [mutagenic glow]
 68194 | Elf:2    | Lost mutation: You expend magic power (3 MP) to strengthen
                  | your wands. [mutagenic glow]
 68593 | Elf:2    | Gained mutation: You are weak. (Str -2) [mutagenic glow]
 68985 | Elf:2    | Cast into level 5 of the Abyss (unwielding a weapon of
                  | distortion)
 68985 | Abyss:5  | Entered Level 5 of the Abyss
 68991 | Abyss:5  | Found a corrupted altar of Lugonu.
 69182 | Abyss:5  | Gained Bladwarg as an ally
 69185 | Abyss:5  | Paralysed by a floating eye for 4 turns
 69189 | Abyss:5  | Your ally Bladwarg died
 69193 | Abyss:5  | Gained Alork as an ally
 69198 | Abyss:5  | Paralysed by accursed screaming for 1 turns
 69273 | Abyss:5  | Reached skill level 10 in Evocations
 69295 | Abyss:5  | Got an abyssal rune of Zot
 69328 | Elf:2    | Escaped the Abyss
 69494 | Elf:2    | Lost mutation: Your flesh is heat resistant. (rF+) [potion
                  | of mutation]
 69494 | Elf:2    | Lost mutation: You are weak. (Str -2) [potion of mutation]
 69494 | Elf:2    | Gained mutation: Scrolls take you a little longer to read.
                  | [potion of mutation]
 69494 | Elf:2    | Gained mutation: You are agile. (Dex +2) [potion of
                  | mutation]
 69494 | Elf:2    | Gained mutation: You are somewhat resistant to further
                  | mutation. [potion of mutation]
 69495 | Elf:2    | Lost mutation: Scrolls take you a little longer to read.
                  | [potion of mutation]
 69495 | Elf:2    | Lost mutation: You are agile. (Dex +2) [potion of mutation]
 69495 | Elf:2    | Gained mutation: You passively map a small area around you.
                  | [potion of mutation]
 69496 | Elf:2    | Lost mutation: You are surrounded by a mild repulsion
                  | field. (EV +2) [potion of mutation]
 69496 | Elf:2    | Lost mutation: You are occasionally teleported next to
                  | monsters. [potion of mutation]
 69496 | Elf:2    | Gained mutation: Your body sometimes deteriorates upon
                  | taking damage. [potion of mutation]
 69496 | Elf:2    | Gained mutation: Your flesh is cold resistant. (rC+)
                  | [potion of mutation]
 69601 | Depths:1 | Entered Level 1 of the Depths
 69683 | Depths:1 | Gained Morguth as an ally
 69686 | Depths:1 | Noticed Saint Roka
 69695 | Depths:1 | Your ally Morguth died
 69709 | Depths:1 | Killed Saint Roka
 69838 | Depths:1 | Gained Bladwarg as an ally
 70215 | Depths:1 | Found a gateway to Hell.
 70337 | Depths:1 | Your ally Bladwarg died
 70354 | Depths:1 | Reached XP level 26. HP: 211/251 MP: 39/39
 71147 | Depths:2 | Paralysed by a floating eye for 3 turns
 71214 | Depths:2 | Found Gozag's Assorted Antiques.
 71224 | Depths:2 | Found Gozag's Antique Armour Boutique.
 71226 | Depths:2 | Found an opulent altar of Gozag.
 71226 | Depths:2 | Found Gozag's Assorted Antiques.
 71273 | Depths:2 | Reached skill level 19 in Shields
 71290 | Depths:2 | Reached skill level 15 in Dodging
 71427 | Depths:2 | Reached skill level 25 in Invocations
 71475 | Depths:2 | Reached skill level 19 in Armour
 71553 | Depths:2 | Found a one-way gate leading to the halls of Pandemonium.
 72246 | Depths:3 | Found a gateway to a ziggurat.
 72360 | Depths:3 | Reached skill level 24 in Fighting
 72788 | Depths:3 | Got a blackened glaive
 72789 | Depths:3 | Identified the +5 glaive "Qemet" {vorpal, rN+ Str+2 Dex+2}
                  | (You found it on level 3 of the Depths)
 72922 | Hell     | Entered the Vestibule of Hell
 72954 | Hell     | Noticed Geryon
 72983 | Hell     | Killed Geryon
 73075 | Hell     | Gained Argrim as an ally
 73093 | Hell     | Reached XP level 27. HP: 134/261 MP: 39/39
 73334 | Hell     | Your ally Argrim died
 73384 | Hell     | Your ally Bogrim died
 73385 | Hell     | Found a gateway to the Iron City of Dis.
 73394 | Hell     | Gained Agrik as an ally
 73399 | Dis:1    | Entered Level 1 of the Iron City of Dis
 73435 | Hell     | Your ally Agrik died
 73467 | Hell     | Found a gateway to the freezing wastes of Cocytus.
 73502 | Coc:1    | Entered Level 1 of Cocytus
 73559 | Hell     | Found a gateway to the decaying netherworld of Tartarus.
 73591 | Tar:1    | Entered Level 1 of Tartarus
 73660 | Hell     | Found a gateway to the ashen valley of Gehenna.
 73669 | Geh:1    | Entered Level 1 of Gehenna
 73849 | Depths:4 | Noticed Mennas
 73924 | Depths:4 | Killed Mennas
 74310 | Depths:4 | Found a one-way gate to the infinite horrors of the Abyss.
 74500 | Depths:4 | Found a stormy altar of Qazlal.
 74501 | Depths:4 | Found a stormy altar of Qazlal.
 74501 | Depths:4 | Found an ornate altar of the Wu Jian Council.
 74615 | Depths:4 | Reached skill level 20 in Shields
 74661 | Depths:4 | Gained Marbork as an ally
 74665 | Depths:4 | Your ally Marbork died
 74816 | Depths:4 | Reached skill level 20 in Armour
 74832 | Depths:4 | Reached skill level 26 in Invocations
 74884 | Depths:4 | Found the +7 captain's cutlass {speed, disarm}
 74901 | Depths:4 | Identified the +8 trident of Integrity {antimagic, Int+2
                  | Dex+4}
 74908 | Depths:4 | Reached skill level 16 in Dodging
 75088 | Depths:4 | Got a pair of faintly humming gloves
 75099 | Depths:4 | Identified the cursed +0 pair of gloves of the Spider Nest
                  | {*Contam +Blink rF++ rCorr} (You found it on level 4 of the
                  | Depths)
 75147 | Depths:4 | Gained mutation: Your spells are a little easier to cast,
                  | but a little less powerful. [mutagenic glow]
 75583 | Depths:4 | Reached skill level 25 in Fighting
 75804 | Depths:5 | Entered Level 5 of the Depths
 75822 | Depths:5 | Paralysed by a floating eye for 2 turns
 76158 | Depths:5 | Found Okhuwov's Jewellery Emporium.
 76158 | Depths:5 | Found Neohanick's Gadget Boutique.
 76159 | Depths:5 | Found Ojidouxku's Jewellery Emporium.
 76219 | Depths:5 | Found a gate to the Realm of Zot.
 77018 | Depths:5 | Noticed a juggernaut
 77019 | Depths:5 | Gained Blodwig as an ally
 77031 | Depths:5 | Killed a juggernaut
 77370 | Zot:1    | Entered Level 1 of the Realm of Zot
 77439 | Zig:1    | Entered Level 1 of a ziggurat
 77458 | Zig:2    | Entered Level 2 of a ziggurat
 77481 | Zig:3    | Entered Level 3 of a ziggurat
 77515 | Zig:4    | Entered Level 4 of a ziggurat
 77546 | Zig:4    | Gained Korbok as an ally
 77546 | Zig:4    | Gained Hawl as an ally
 77585 | Zig:5    | Entered Level 5 of a ziggurat
 77635 | Zig:5    | Got a steaming golden ring
 77636 | Zig:5    | Identified the ring "Atzosimo" {MR+ MP+9} (You found it on
                  | level 5 of a ziggurat)
 77775 | Zig:6    | Entered Level 6 of a ziggurat
 77795 | Zig:6    | Reached skill level 21 in Shields
 77873 | Zig:7    | Entered Level 7 of a ziggurat
 77899 | Zig:7    | Reached skill level 21 in Armour
 78024 | Zig:7    | Got a flickering amber ring
 78025 | Zig:7    | Identified the ring of Gor Boaw {rC+ rCorr Str-3 Int+6}
                  | (You found it on level 7 of a ziggurat)
 78043 | Zig:8    | Entered Level 8 of a ziggurat
 78251 | Zig:8    | Got a warped broad axe
 78280 | Zig:8    | Identified the +2 pair of boots "Ufyil" {*Drain rPois Dex+2
                  | SInv} (You found it on level 8 of a ziggurat)
 78281 | Zig:8    | Identified the +4 broad axe of Havoc {venom, Dex+4} (You
                  | found it on level 8 of a ziggurat)
 78784 | Zot:1    | Reached skill level 27 in Invocations
 79174 | Zot:1    | Reached skill level 26 in Fighting
 79432 | Zot:1    | Reached skill level 17 in Dodging
 80077 | Zot:2    | Found a transporter.
 80078 | Zot:2    | Found the ring of the Mage {Wiz MR++ Int+3}
 80528 | Zot:2    | Noticed an orb of fire
 80539 | Zot:2    | Killed an orb of fire
 80576 | Zot:2    | Your ally Alork died
 80581 | Zot:2    | HP: 25/270 [red draconian] (4)]
 81083 | Zot:2    | Found a transporter.
 81865 | Zot:3    | Reached skill level 22 in Shields
 82148 | Zot:3    | Reached skill level 22 in Armour
 82313 | Zot:3    | Gained Orkrul as an ally
 82564 | Zot:4    | Noticed Dawneret's ghost (master GnFi)
 82565 | Zot:4    | Found a transporter.
 82572 | Zot:4    | Your ally Orkrul died
 82645 | Zot:4    | Found a transporter.
 82707 | Zot:4    | Gained Boghold as an ally
 82788 | Zot:4    | Reached skill level 27 in Fighting
 83278 | Zot:5    | Entered Level 5 of the Realm of Zot
 83396 | Zot:5    | HP: 14/273 [purple draconian monk/bolt of dispelling energy
                  | (37)]
 83402 | Zot:5    | HP: 19/273 [??? (11)]
 83408 | Zot:5    | Killed from afar by a storm dragon

Illustrated notes

Levels and vault maps discovered:
D:1:      co_arrival_random_square_maze, layout_basic, minivault_27,
          minmay_misc_feat_x, minmay_pentomino_o4
D:2:      layout_loops_ring
D:3:      layout_basic, serial_forest, infiniplex_forest_straight_3,
          infiniplex_forest_straight_3, infiniplex_forest_straight_3,
          infiniplex_forest_clump_double, infiniplex_forest_lined_corner,
          infiniplex_forest_zigzag_1, first_ration
D:4:      cheibrodos_pilgrimage, layout_basic, nicolae_dithmenos_the_darkroom,
          palyth_stone_intersect, minmay_between
D:5:      layout_loops_ring, temple_green, minmay_misc_feat_roman,
          xom_teletrap_fun
D:6:      wad_woods_stonehenge, layout_basic, uniq_blork_the_orc
D:7:      layout_rooms
D:8:      black_bear_nest_2, layout_basic, serial_shops, shop, grunt_pizzeria,
          minivault_12, uniq_erica
D:9:      kennysheep_orc_sif_temple, layout_small_grid
D:10:     layout_stronghold, erik_lair_island, serial_shops,
          nicolae_shop_temple_entry_statues_fountains
D:11:     minmay_the_grid_octo_tiled_squarecenter_mashed
          [minmay_the_grid_octo_shrine, minmay_the_grid_octo_focus,
          minmay_the_grid_octo_pinwheel, minmay_the_grid_octo_thin_diamonds,
          minmay_the_grid_square_5x5_megaprize_crossed,
          minmay_the_grid_square_5x5_fancy_junction,
          minmay_the_grid_square_5x5_shuriken,
          minmay_the_grid_square_5x5_minimal,
          minmay_the_grid_square_5x5_half_checkered], layout_loops_ring,
          gauntlet_entry_generic
D:12:     minmay_sliced_demisemicircle, layout_basic, orc_0_dummy,
          hangedman_abyss_or_decor_lesser_grid, uniq_josephine, uniq_urug,
          uniq_rupert
D:13:     layout_rooms, david_vaults_5, maelrawn_ghost_gauntlet_escape,
          serial_shops, nicolae_shop_competitors_out_of_business
D:14:     layout_irregular_city, basic_altar, minmay_misc_feat_square,
          minmay_misc_feat_columns
D:15:     hangedman_depths_entry_try_elsewhere_first, layout_gridville,
          serial_bayou_pond_e, minmay_misc_feat_encased, uniq_azrael
Temple:   roderic_octagonal_lattice_temple
Lair:1:   layout_long_grid, gammafunk_ghost_wrathful_warriors,
          fungi_pond_lemuel, grunt_megastairs_1, uniq_gastronok
Lair:2:   layout_chaotic_city, swamp_mist, roderic_batcave, beast_lair_carwin_3,
          minmay_lair_oklob_chamber, infiniplex_staircase_pool
Lair:3:   layout_regular_city, nicolae_spider_entry_non_spiders,
          portal_ice_cave_rime
Lair:4:   layout_regular_city, st_stairs_5, wad_woods_01
Lair:5:   layout_loops_ring, chequers_serial_rivers_room_b,
          chequers_serial_rivers_small_3, beast_lair_carwin_8
Lair:6:   gammafunk_lair_ancient_temple, layout_cave_pods, slime_altar_1,
          lemuel_fruit_tree
Swamp:1:  layout_falls_marsh, nicolae_swamp_triple_paths, swamp_pool1
Swamp:2:  layout_falls_marsh, gammafunk_ghost_hydra_chop, hangedman_swamp_pad,
          swamp_pool1
Swamp:3:  gammafunk_mikee_crab_dinner, layout_falls_marsh,
          evilmike_swamp_ruin_rubble_2, swamp_pool1, infiniplex_staircase_pool_2
Swamp:4:  swamp, layout_basic_swamp, uniq_kirke, uniq_donald, uniq_aizul
Spider:1: layout_spider_delve
Spider:2: layout_spider_delve
Spider:3: lemuel_spider_zombies
Spider:4: grunt_spider_rune_parallel, uniq_nikola, uniq_bai_suzhen
Slime:1:  layout_caves, nicolae_slime_barrier
Slime:2:  layout_caves, basic_altar
Slime:3:  layout_caves, nicolae_slime_phagocytosis
Slime:4:  layout_caves
Slime:5
Orc:1:    layout_caves, serial_shops, shop_fountains, david_defended_altar_orc,
          uniq_harold
Orc:2:    st_orc_town, layout_diamond_mine
Elf:1:    elf_arrival_001, layout_gridlike, infiniplex_enter_wizlab_glasses,
          minmay_elf_necromancy, evilmike_ambush [evilmike_ambush_outer_corners,
          evilmike_ambush_inner_pond], minmay_shoptagon
Elf:2:    layout_geoelf_grid, serial_shops, shop_fountains, minivault_4,
          uniq_jorgrun
Elf:3:    minmay_elf_hall_circle, layout_rooms, serial_shops, shop, drop_trap,
          corexii_checkpoint_b, small_statue_intersection, minivault_4,
          uniq_asterion
Vaults:1: nicolae_vaults_triangles, hangedman_vaults_cutoff,
          grunt_vaults_twisty, v_misc_19, st_smaller_cells,
          nicolae_vaults_ninety_degrees, nicolae_vaults_little_squares_1,
          layout_vaults_omnigrid
Vaults:2: vaults_dpeg_ring, minmay_crypt_entry_vampire_xt,
          vaults_room_grunt_arrival_ludios, hangedman_vaults_river_flow,
          hangedman_vaults_trim, v_misc_33, v_pattern_4,
          nicolae_vaults_little_squares_6, vaults_standard_mumra_x, v_misc_15,
          nicolae_vaults_little_squares_6, layout_vaults_omnicross
Vaults:3: v_misc_18, vaults_room_ringed_pool, v_pattern_3,
          nicolae_vaults_angled_halls, nicolae_vaults_twisting_passages,
          nicolae_vaults_network_barrier, nicolae_vaults_border_crossing,
          ontoclasm_vaults_claustrophobia, nicolae_vaults_little_squares_4,
          ontoclasm_vaults_ring_small, v_misc_10, nicolae_vaults_theta,
          nicolae_vaults_little_squares_6, sword_in_stone, layout_vaults_maze
Vaults:4: vaults_mumra_hexcomb, v_pattern_5, grunt_vaults_swirl,
          hangedman_vaults_locks, v_misc_11, v_misc_8, hangedman_vaults_stagger,
          nicolae_vaults_little_squares_5, nicolae_vaults_little_squares_4,
          layout_vaults_ring
Vaults:5: serial_shops
Crypt:1:  layout_gridlike
Crypt:2:  layout_chaotic_city, grunt_megastairs_3
Crypt:3:  evilmike_haunted_forest
Tomb:1
Depths:1: layout_cave_pools, pf_hell_entry_tar_river, special_room
          [special_room_mythical_zoo], minmay_misc_feat_cross,
          kennysheep_kite_vault, uniq_saint_roka
Depths:2: kennysheep_gozag_temple, layout_cave_pools, hell_entry,
          wad_floor_pattern_2, rand_demon_pan_entry_8, grunt_decor_one_mirror,
          nrook_kobold_shadow_demons
Depths:3: evilmike_marble_ring, layout_gridlike, enter_ziggurat_b,
          grunt_mini_vestibule, infiniplex_staircase_pool_lava,
          rand_demon_pan_entry_4
Depths:4: hangedman_slaughterboxes, abyss_entry, hell_entry, uniq_mennas
Depths:5: grunt_zot_entry_pinwheel, layout_basic, hell_entry,
          grunt_decor_fettered, abyss_entry, patterned_corridor,
          minmay_shop_grove
Hell
Dis:1:    layout_subdivisions
Geh:1:    layout_gehenna_lava_caves
Coc:1:    layout_ice_bergs
Tar:1:    layout_catacombs
Zot:1:    layout_cellular_growth
Zot:2:    gammafunk_sealed_arena, layout_gridlike, kennysheep_underground_church
Zot:3:    layout_concentric_octagons
Zot:4:    layout_misc_corridors, gammafunk_ghost_arena
Zot:5:    layout_onion, grunt_ministairs_2, st_stairs_1

Skill      XL: |  1  2  3  4  5  6  7  8  9 10 11 12 13 14 15 16 17 18 19 20 21 22 23 24 25 26 27 |
---------------+----------------------------------------------------------------------------------+-----
Fighting       | 4 5 6 7 8 9 11 13 15 16 17 18 19 20 21 22 23 24 27 | 27.0
Axes           | 5 6 7 8 10 11 14 16 18 | 18.0
Invocations    | 1 2 3 5 6 9 10 13 16 17 18 19 20 21 22 23 24 25 27 | 27.0
Armour         | 1 2 3 5 7 9 10 11 12 13 14 15 16 17 18 19 22 | 22.2
Shields        | 1 2 3 5 7 9 10 11 12 13 14 15 16 17 18 19 22 | 22.3
Stealth        | 3 5 |  5.0
Evocations     | 2 4 5 7 9 10 | 10.0
Throwing       | 1 |  1.0
Dodging        | 4 6 7 8 9 10 11 12 13 14 15 17 | 17.9
Polearms       | |  0.9

Action                   |  1- 3 |  4- 6 |  7- 9 | 10-12 | 13-15 | 16-18 | 19-21 | 22-24 | 25-27 || total
-------------------------+-------+-------+-------+-------+-------+-------+-------+-------+-------++-------
Melee: Hand axe          |   124 |   156 |       |       |       |       |       |       |       ||   280
       War axe           |       |    63 |   348 |   622 |  1091 |  1172 |   212 |       |       ||  3508
       Flail             |       |       |       |     3 |       |       |       |       |       ||     3
       Eveningstar       |       |       |       |       |       |    93 |       |       |    43 ||   136
       Broad axe         |       |       |       |       |       |       |   719 |  1364 |  2490 ||  4573
       Lance             |       |       |       |       |       |       |       |       |   112 ||   112
Throw: Javelin           |       |       |       |       |       |     4 |       |     1 |       ||     5
       Throwing net      |       |       |       |       |       |       |       |     1 |       ||     1
       Dart              |       |       |       |       |       |       |       |     7 |       ||     7
Invok: Smiting           |       |     1 |     5 |    18 |    12 |    33 |    40 |    40 |    20 ||   169
       Convert to Beogh  |       |     1 |       |       |       |       |       |       |       ||     1
       Recall Orcish Fol |       |       |       |     3 |     6 |     5 |     1 |     3 |     6 ||    24
       Give Item to Name |       |       |       |       |     2 |     1 |     4 |     3 |     4 ||    14
       Stop Recall       |       |       |       |       |       |     5 |     1 |     2 |     4 ||    12
       Resurrection      |       |       |       |       |       |       |     1 |     1 |       ||     2
 Abil: Evoke Blink       |       |       |       |       |       |       |       |       |     5 ||     5
Evoke: Wand              |       |       |     2 |     4 |     8 |     3 |       |     8 |     8 ||    33
       Tin of tremorston |       |       |       |       |       |     3 |       |     3 |       ||     6
       Lightning rod     |       |       |       |       |       |       |       |     4 |       ||     4
       Phantom mirror    |       |       |       |       |       |       |       |     1 |       ||     1
  Use: Scroll            |       |     3 |     6 |    21 |     8 |    13 |    12 |    27 |    30 ||   120
       Potion            |       |     1 |     5 |     6 |     1 |     3 |     3 |    15 |    14 ||    48
 Stab: Sleeping          |     4 |     2 |     3 |     2 |     3 |       |       |       |       ||    14
       Distracted        |       |       |     3 |     5 |     6 |    10 |    12 |    11 |    18 ||    65
       Invisible         |       |       |       |    11 |       |       |       |     1 |     2 ||    14
       Confused          |       |       |       |       |     1 |     1 |       |       |     1 ||     3
       Held in net/web   |       |       |       |       |       |     3 |       |       |       ||     3
       Paralysed         |       |       |       |       |       |       |     3 |       |     3 ||     6
       Petrified         |       |       |       |       |       |       |       |       |     1 ||     1
       Petrifying        |       |       |       |       |       |       |       |       |     1 ||     1
  Eat: Chunk             |     3 |     2 |     6 |     4 |    17 |     6 |     7 |     6 |     2 ||    53
       Ration            |       |     2 |     4 |     5 |     7 |    13 |     6 |    10 |    16 ||    63
Armor: Robe              |    14 |     4 |       |       |       |       |       |       |       ||    18
       Chain mail        |       |    83 |       |       |       |       |   261 |   415 |  1129 ||  1888
       Ring mail         |       |       |    29 |       |       |       |       |   196 |       ||   225
       Scale mail        |       |       |    98 |   274 |   451 |   665 |       |       |       ||  1488
       Storm dragon scal |       |       |       |       |       |   164 |   126 |       |       ||   290
Dodge: Dodged            |    79 |    27 |    92 |   169 |   315 |   688 |   237 |   414 |   849 ||  2870
Block: Tower shield      |       |    93 |   248 |       |       |       |   492 |  1180 |  2691 ||  4704
       Kite shield       |       |       |    11 |   363 |   581 |  1034 |   195 |       |       ||  2184
       Reflection        |       |       |       |       |     2 |    29 |    11 |       |       ||    42
